Map: Gold Megaton (Rich)

Players

HenTie

  • Race: Protoss Protoss
  • Spawn Location: 6:00

stealthxmonk

  • Race: Protoss Protoss
  • Spawn Location: 5:00

style

  • Race: Zerg Zerg
  • Spawn Location: 5:00

TWNpeter

  • Race: Zerg Zerg
  • Spawn Location: 5:00

DLC

  • Race: Terran Terran
  • Spawn Location: 11:00

JaySlays

  • Race: Zerg Zerg
  • Spawn Location: 0:00

Raptor

  • Race: Zerg Zerg
  • League: Platinum
  • Spawn Location: 0:00

niko

  • Race: Terran Terran
  • Spawn Location: 12:00

VOD

Have the link to the VOD?

Description

Time

  • Played on: April 2, 2018, 8:10 p.m.
  • Length: 8:43
Show
View Real Time Build Order
Export as new Build Order

HenTie Protoss 

Build Orders: 1 Gate Expand, Forge Fast Expand (FFE), Nexus First, Carrier Rush 

Get SALT Encoding   

  12  0:01  Probe  
  13  0:12  Pylon  
  14  0:14  Probe  
  14  0:26  Nexus  
  14  0:28  Probe  
  15  0:33  Gateway  
  15  0:35  Assimilator  
  15  0:40  Probe  
  16  0:43  Forge  
  16  0:52  Probe  
  17  1:02  Pylon  
  17  1:04  Probe  
  18  1:12  Pylon  
  18  1:16  Probe  
  19  1:21  Cybernetics Core  
  19  1:25  Cybernetics Core  
  19  1:27  Pylon  
  19  1:29  Probe, Assimilator  
  19  1:32  Photon Cannon  
  20  1:35  Pylon  
  20  1:38  Probe  
  21  1:40  Protoss Shields Level 1  
  21  1:41  Probe  
  22  1:49  Photon Cannon  
  22  1:50  Probe  
  22  1:53  Probe, Protoss Air Weapons Level 1 (Chrono Boost)  
  24  2:00  Photon Cannon  
  24  2:03  Pylon  
  24  2:05  Probe  
  24  2:07  Stargate  
  25  2:09  Pylon  
  25  2:10  Probe, Protoss Air Armor Level 1 (Chrono Boost)  
  25  2:11  Pylon  
  26  2:17  Probe  
  26  2:22  Probe  
  28  2:24  Pylon  
  28  2:25  Pylon  
  28  2:27  Pylon  
  28  2:29  Probe  
  29  2:34  Probe  
  30  2:38  Assimilator  
  30  2:41  Probe, Shield Battery  
  30  2:42  Assimilator  
  30  2:43  Pylon  
  31  2:44  Shield Battery  
  31  2:46  Probe  
  31  2:47  Robotics Facility  
  32  2:51  Fleet Beacon  
  32  2:53  Probe, Stargate  
  32  2:56  Stargate  
  33  2:58  Probe  
  33  3:00  Stargate  
  33  3:04  Stargate  
  34  3:07  Pylon  
  34  3:08  Pylon  
  34  3:13  Probe x2  
  36  3:25  Probe  
  36  3:26  Probe  
  38  3:27  Stargate  
  38  3:30  Stargate  
  38  3:31  Protoss Air Weapons Level 2 (Chrono Boost)  
  38  3:33  Twilight Council  
  38  3:34  Protoss Air Armor Level 2 (Chrono Boost)  
  38  3:38  Observer  
  39  3:45  Pylon  
  39  3:46  Stargate  
  39  3:50  Graviton Catapult, Stargate  
  39  4:00  Pylon  
  39  4:02  Pylon  
  39  4:03  Pylon  
  39  4:04  Pylon, Carrier x2  
  39  4:05  Carrier  
  39  4:07  Carrier  
  39  4:09  Observer  
  64  4:16  Mothership  
  72  4:19  Protoss Shields Level 2  
  72  4:21  Probe  
  73  4:30  Observer  
  73  4:31  Carrier  
  74  4:33  Probe  
  74  4:34  Stargate  
  74  4:36  Stargate  
  81  4:40  Stargate  
  81  4:42  Stargate  
  81  4:46  Probe  
  81  4:51  Carrier  
  81  4:52  Carrier, Observer  
  89  4:58  Probe  
  96  5:15  Carrier x2  
  96  5:18  Carrier  
  114  5:24  Pylon  
  114  5:29  Stargate  
  114  5:32  Stargate  
  114  5:35  Pylon, Stargate  
  114  5:36  Carrier x2, Protoss Air Weapons Level 3 (Chrono Boost)  
  126  5:54  Observer  
  127  6:00  Probe  
  128  6:10  Probe  
  128  6:11  Stargate  
  129  6:13  Stargate  
  129  6:14  Warp Prism  
  129  6:15  Pylon  
  131  6:31  Carrier x4  
  131  6:32  Carrier  
  161  6:33  Carrier  
  161  6:34  Carrier  
  173  6:55  Observer  
  174  7:16  Observer  
  199  7:41  Forge  
  197  8:16  Observer  
Show
View Real Time Build Order
Export as new Build Order

stealthxmonk Protoss 

Build Orders: 1 Gate Expand, Cannon Rush, Forge Fast Expand (FFE), Nexus First 

Get SALT Encoding   

  12  0:03  Probe  
  13  0:14  Pylon  
  13  0:15  Probe  
  14  0:28  Nexus  
  14  0:31  Probe  
  15  0:42  Forge  
  15  0:43  Probe  
  16  0:50  Gateway  
  16  0:55  Probe  
  17  1:02  Pylon  
  17  1:05  Pylon  
  17  1:07  Probe  
  18  1:14  Assimilator  
  18  1:18  Assimilator  
  18  1:19  Probe  
  19  1:28  Photon Cannon  
  19  1:33  Photon Cannon  
  19  1:35  Photon Cannon  
  19  1:40  Photon Cannon  
  19  1:47  Photon Cannon  
  19  1:54  Probe, Assimilator  
  20  2:04  Assimilator  
  20  2:05  Probe  
  20  2:06  Probe  
  22  2:15  Cybernetics Core  
  22  2:18  Probe x2  
  24  2:30  Probe x2  
  24  2:34  Pylon  
  26  2:37  Pylon  
  26  2:39  Pylon  
  26  2:42  Probe x2  
  28  2:54  Probe  
  28  2:55  Probe  
  30  3:04  Photon Cannon  
  30  3:06  Probe, Photon Cannon x2  
  30  3:07  Probe  
  30  3:11  Photon Cannon  
  32  3:14  Photon Cannon  
  32  3:18  Probe  
  32  3:19  Probe  
  34  3:30  Stargate  
  34  3:31  Probe  
  35  3:34  Stargate  
  35  3:37  Stargate  
  35  3:43  Probe  
  35  3:44  Stargate  
  35  3:46  Probe  
  37  3:53  Stargate  
  37  3:57  Stargate  
  37  3:58  Probe  
  37  3:59  Stargate  
  37  4:01  Stargate  
  38  4:04  Stargate  
  38  4:09  Pylon  
  38  4:11  Probe, Pylon  
  38  4:12  Pylon  
  38  4:16  Stargate  
  39  4:20  Fleet Beacon  
  39  4:23  Probe  
  40  4:26  Stargate  
  40  4:35  Probe  
  40  4:36  Photon Cannon  
  41  4:40  Stargate  
  41  4:44  Void Ray x2  
  41  4:45  Void Ray x5  
  61  4:46  Void Ray  
  61  4:47  Void Ray  
  77  4:57  Protoss Shields Level 1  
  77  5:02  Protoss Air Weapons Level 1  
  77  5:12  Void Ray  
  81  5:19  Probe (Chrono Boost)  
  82  5:27  Void Ray x3  
  82  5:28  Void Ray x2  
  102  5:36  Pylon  
  102  5:37  Pylon  
  102  5:40  Pylon  
  102  5:43  Pylon  
  102  5:46  Pylon  
  102  5:53  Void Ray  
  102  5:54  Probe  
  102  5:55  Void Ray x2  
  115  5:58  Mothership  
  115  6:02  Pylon  
  123  6:06  Probe  
  123  6:07  Stargate  
  123  6:09  Stargate  
  124  6:15  Pylon  
  124  6:18  Probe  
  125  6:19  Pylon  
  125  6:22  Pylon  
  125  6:28  Pylon  
  125  6:30  Probe  
  126  6:41  Pylon, Void Ray x6  
  126  6:42  Void Ray x5  
  170  6:56  Cybernetics Core  
  170  7:22  Graviton Catapult  
  170  7:24  Void Ray x2  
  170  7:29  Tempest x2  
  190  8:15  Probe  
  190  8:30  Probe  
Show
View Real Time Build Order
Export as new Build Order

style Zerg 

Build Orders: Hatch First 

Get SALT Encoding   

  12  0:07  Overlord  
  12  0:08  Drone  
  12  0:11  Drone  
  14  0:23  Hatchery  
  14  0:24  Drone  
  14  0:30  Drone  
  15  0:38  Hatchery  
  15  0:40  Drone  
  15  0:53  Hatchery  
  15  0:55  Drone  
  15  0:58  Extractor  
  14  1:10  Drone  
  15  1:11  Spawning Pool  
  15  1:14  Drone  
  15  1:18  Extractor  
  14  1:23  Hatchery  
  13  1:29  Drone  
  14  1:36  Drone x2  
  16  1:47  Drone x2  
  18  1:55  Drone  
  18  1:58  Metabolic Boost  
  18  2:00  Lair  
  19  2:04  Hatchery  
  18  2:15  Drone x5  
  22  2:16  Drone x2  
  25  2:26  Queen x2  
  29  2:39  Hatchery  
  28  2:48  Drone x7  
  28  2:49  Drone x3  
  38  3:03  Spire  
  38  3:04  Spire  
  36  3:09  Queen  
  36  3:10  Queen x2  
  36  3:11  Overlord  
  36  3:12  Overlord  
  42  3:15  Extractor  
  42  3:16  Extractor  
  40  3:34  Queen  
  42  3:45  Overlord x2  
  42  3:46  Overlord x7  
  42  3:47  Overlord x5  
  42  4:03  Spine Crawler  
  42  4:04  Spine Crawler  
  42  4:05  Spine Crawler  
  42  4:08  Spine Crawler  
  42  4:09  Drone x4  
  43  4:10  Drone x5  
  43  4:11  Spine Crawler  
  46  4:26  Queen x2  
  49  4:44  Zergling x4  
  51  4:47  Mutalisk x13  
  51  4:48  Mutalisk x7  
  91  5:01  Zerg Flyer Weapons Level 1, Zerg Flyer Armor Level 1  
  91  5:07  Mutalisk x7, Infestation Pit  
  91  5:08  Mutalisk  
  106  5:20  Mutalisk  
  106  5:21  Mutalisk x5  
  118  5:30  Mutalisk x2  
  122  5:46  Mutalisk  
  122  5:47  Mutalisk x4  
  132  5:58  Mutalisk x3  
  132  5:59  Mutalisk x2  
  142  6:08  Mutalisk x3  
  142  6:09  Mutalisk  
  150  6:17  Mutalisk  
  150  6:18  Mutalisk x2  
  156  6:26  Mutalisk x4  
  152  6:50  Mutalisk  
  152  6:51  Mutalisk x7  
  146  7:05  Mutalisk  
  146  7:06  Mutalisk x7  
  146  7:20  Mutalisk x6  
  156  7:36  Mutalisk x6  
  166  7:57  Mutalisk  
  166  7:58  Mutalisk x2  
Show
View Real Time Build Order
Export as new Build Order

TWNpeter Zerg 

Build Orders: 3 Hatch before Pool, Zergling Baneling 

Get SALT Encoding   

  12  0:02  Drone  
  12  0:06  Drone  
  14  0:09  Overlord  
  14  0:28  Drone x2, Hatchery  
  15  0:35  Drone  
  15  0:42  Extractor  
  15  0:46  Drone  
  16  0:57  Hatchery  
  16  0:59  Drone  
  16  1:11  Spawning Pool  
  16  1:14  Drone  
  16  1:20  Evolution Chamber  
  16  1:23  Drone  
  16  1:32  Evolution Chamber  
  16  1:39  Drone  
  16  1:40  Drone  
  16  1:41  Drone  
  18  1:55  Hatchery  
  18  1:59  Zergling x4  
  19  2:02  Lair  
  19  2:03  Queen  
  21  2:10  Drone x2  
  21  2:12  Zerg Melee Weapons Level 1  
  21  2:13  Zerg Ground Armor Level 1  
  23  2:20  Queen, Baneling Nest  
  24  2:29  Drone x2  
  26  2:30  Drone  
  26  2:31  Overlord x2  
  26  2:32  Drone  
  26  2:35  Drone, Zergling x2  
  26  2:36  Zergling x2  
  31  2:38  Queen  
  33  2:50  Extractor  
  32  2:52  Spore Crawler  
  32  2:55  Drone x5  
  32  2:56  Queen  
  38  3:07  Spire  
  38  3:11  Zergling x10  
  42  3:15  Queen x2, Infestation Pit  
  42  3:17  Centrifical Hooks  
  45  3:21  Baneling x2  
  45  3:22  Baneling x6  
  45  3:30  Overseer  
  45  3:31  Pneumatized Carapace  
  45  3:33  Baneling  
  45  3:34  Baneling x7  
  45  3:35  Metabolic Boost  
  45  3:49  Zergling x14  
  45  3:50  Zergling x8  
  45  3:51  Overlord  
  45  3:52  Overlord x2  
  56  4:06  Hive  
  56  4:08  Burrow  
  56  4:10  Overseer  
  56  4:11  Overlord, Hatchery  
  56  4:12  Overlord x3  
  56  4:13  Zergling x8  
  59  4:24  Baneling  
  59  4:25  Baneling x3  
  59  4:26  Baneling x3  
  59  4:27  Baneling x2  
  59  4:28  Baneling x2  
  59  4:29  Baneling x5  
  59  4:32  Zerg Melee Weapons Level 2  
  55  5:08  Zergling x2  
  55  5:09  Zergling x22  
  66  5:17  Baneling  
  66  5:18  Baneling x15  
  65  5:27  Zergling x2  
  65  5:28  Zergling x18  
  73  5:33  Baneling  
  73  5:34  Baneling x3  
  73  5:42  Greater Spire  
  73  5:51  Baneling  
  73  5:52  Baneling x10  
  73  5:53  Baneling x22  
  73  5:54  Drone, Ultralisk Cavern, Zergling x2  
  73  5:55  Drone x2, Overlord, Zergling x2  
  73  5:56  Drone x3  
  80  6:13  Hatchery  
  79  6:21  Zerg Ground Armor Level 2  
  79  6:44  Drone, Overlord x3  
  79  6:45  Drone x4, Overlord x3  
  79  6:46  Drone x2, Overlord x2  
  83  7:02  Ultralisk  
  83  7:03  Ultralisk x2  
  83  7:07  Chitinous Plating  
  101  7:39  Ultralisk x6  
  101  7:42  Drone x3  
  101  7:43  Drone x2  
  142  7:44  Drone  
  142  7:45  Drone  
  144  8:08  Hatchery  
  144  8:12  Hatchery  
  142  8:18  Extractor x2  
  142  8:19  Drone x2, Overlord x3  
  143  8:20  Drone x3, Overlord x3  
  143  8:21  Drone x3, Overlord x3  
  143  8:22  Drone x2  
  150  8:28  Spire  
Show
View Real Time Build Order
Export as new Build Order

DLC Terran 

Build Orders: Command Center First (CC), MMM Bio 

Get SALT Encoding   

  12  0:04  SCV  
  13  0:16  SCV  
  13  0:19  Supply Depot  
  14  0:28  Supply Depot, SCV  
  15  0:36  Refinery  
  15  0:40  SCV  
  15  0:42  Refinery  
  16  0:53  SCV  
  17  1:02  Command Center  
  17  1:08  Command Center  
  17  1:11  SCV  
  17  1:12  Engineering Bay  
  18  1:23  SCV  
  19  1:35  Barracks  
  19  1:36  SCV  
  20  1:48  SCV  
  21  1:57  Building Armor  
  21  2:00  SCV  
  22  2:06  Refinery  
  22  2:09  Refinery  
  22  2:12  SCV  
  23  2:16  Planetary Fortress  
  23  2:24  SCV  
  23  2:25  Factory  
  23  2:26  Factory  
  23  2:28  Planetary Fortress  
  23  2:29  Barracks Tech Lab  
  24  2:31  Missile Turret  
  24  2:40  SCV  
  24  2:43  Sensor Tower  
  25  2:52  SCV  
  25  2:53  Bunker  
  26  2:59  SCV  
  26  3:04  SCV  
  28  3:05  Missile Turret  
  28  3:07  SCV  
  28  3:11  SCV  
  30  3:14  Factory Tech Lab x2  
  30  3:16  SCV  
  30  3:18  Starport  
  30  3:19  SCV  
  32  3:20  Starport  
  32  3:23  SCV  
  33  3:27  Missile Turret x2  
  33  3:28  SCV  
  33  3:31  SCV  
  33  3:32  Marauder  
  33  3:34  Concussive Shells  
  37  3:35  SCV  
  37  3:37  Hi-Sec Auto Tracking  
  37  3:40  SCV  
  39  3:42  Siege Tank  
  39  3:43  SCV  
  39  3:44  Siege Tank  
  39  3:47  Missile Turret, SCV  
  47  3:49  Missile Turret  
  47  3:54  Marauder  
  47  3:55  SCV  
  50  3:58  Armory  
  50  3:59  SCV  
  50  4:02  Starport, Starport Tech Lab x2  
  51  4:07  SCV  
  52  4:11  Missile Turret, SCV  
  52  4:15  Siege Tank, Marauder  
  52  4:16  Siege Tank, Combat Shields  
  61  4:34  Terran Infantry Weapons Level 1  
  61  4:38  Supply Depot  
  61  4:40  Supply Depot  
  61  4:45  Fusion Core, Planetary Fortress  
  61  4:52  Command Center  
  61  4:56  Command Center  
  61  4:58  Command Center  
  61  4:59  Siege Tank x2, SCV x2  
  69  5:01  Supply Depot  
  69  5:03  Supply Depot  
  69  5:06  Missile Turret  
  69  5:10  Starport Tech Lab  
  69  5:11  SCV  
  69  5:12  SCV, Terran Vehicle And Ship Armor Level 1  
  71  5:24  Marine  
  71  5:25  Supply Depot x2, Missile Turret  
  72  5:31  Thor x2  
  84  5:36  Stimpack  
  84  5:40  Battlecruiser  
  84  5:42  Marine  
  91  5:45  Missile Turret  
  91  5:46  Missile Turret x2, Battlecruiser  
  91  5:47  Missile Turret, Battlecruiser  
  91  5:48  Supply Depot  
  91  5:49  Supply Depot  
  103  6:00  Marine  
  104  6:06  Missile Turret  
  104  6:07  Weapon Refit  
  104  6:08  Missile Turret  
  104  6:11  Supply Depot  
  104  6:12  Supply Depot  
  104  6:14  Thor  
  104  6:15  Orbital Command  
  104  6:16  Orbital Command x2  
  104  6:18  Marine  
  111  6:24  Missile Turret  
  111  6:25  Missile Turret  
  111  6:27  Missile Turret  
  111  6:28  Terran Infantry Armor Level 1  
  111  6:30  Missile Turret  
  111  6:35  Supply Depot x2  
  111  6:36  Marine  
  112  6:44  Battlecruiser  
  118  6:48  Missile Turret  
  118  6:51  Battlecruiser  
  118  6:52  Missile Turret  
  118  6:55  Missile Turret  
  118  6:58  Supply Depot  
  118  7:00  Supply Depot  
  114  7:04  SCV  
  114  7:08  Missile Turret  
  115  7:09  SCV x3  
  115  7:11  Missile Turret  
  118  7:15  Missile Turret  
  118  7:16  Missile Turret, SCV  
  118  7:18  Missile Turret x2  
  118  7:21  SCV x3  
  122  7:28  SCV  
  123  7:30  Missile Turret  
  123  7:33  Missile Turret x2, SCV x3  
  123  7:34  Missile Turret  
  123  7:35  Missile Turret  
  126  7:38  Missile Turret  
  126  7:40  Missile Turret, SCV  
  126  7:41  Missile Turret  
  136  7:52  Missile Turret, SCV  
  136  7:53  Missile Turret  
  136  7:54  Missile Turret  
  136  7:56  Missile Turret  
  134  8:05  Missile Turret  
  134  8:06  Missile Turret  
  134  8:09  Missile Turret  
  134  8:15  Missile Turret  
  128  8:26  Missile Turret  
  128  8:30  Missile Turret x2  
Show
View Real Time Build Order
Export as new Build Order

JaySlays Zerg 

Build Orders: Hatch First 

Get SALT Encoding   

  12  0:02  Drone  
  13  0:10  Overlord  
  13  0:12  Drone  
  14  0:28  Drone  
  14  0:29  Drone  
  16  0:44  Hatchery  
  16  0:47  Spawning Pool  
  14  0:51  Drone, Extractor  
  14  0:52  Drone  
  15  0:57  Drone  
  16  1:06  Extractor  
  16  1:08  Drone  
  16  1:22  Drone  
  18  1:32  Drone  
  18  1:34  Metabolic Boost  
  18  1:38  Lair  
  18  1:41  Drone  
  19  1:50  Drone  
  20  1:56  Queen  
  20  1:57  Drone  
  23  2:03  Drone  
  24  2:14  Drone x2  
  26  2:39  Queen, Hatchery  
  26  2:41  Drone  
  28  2:44  Overlord  
  28  2:45  Overlord x2  
  28  2:46  Overlord  
  28  3:05  Zergling x8  
  32  3:19  Hydralisk Den  
  31  3:32  Drone x4  
  31  3:33  Drone x2  
  37  3:43  Zergling x4  
  39  3:51  Baneling Nest  
  39  3:52  Queen  
  39  3:53  Queen x2  
  44  4:04  Grooved Spines  
  44  4:06  Hydralisk x4  
  44  4:07  Hydralisk x4  
  60  4:10  Overlord  
  60  4:11  Overlord  
  60  4:31  Infestation Pit  
  59  4:36  Hydralisk  
  59  4:37  Hydralisk x6  
  59  4:38  Hydralisk x4  
  75  4:41  Overlord  
  81  5:02  Hydralisk x3  
  81  5:03  Hydralisk  
  89  5:11  Evolution Chamber  
  89  5:12  Evolution Chamber  
  89  5:13  Overlord  
  89  5:14  Hydralisk, Overlord x3  
  87  5:20  Muscular Augments  
  89  5:25  Hive  
  89  5:31  Overlord x2  
  89  5:32  Overlord x6  
  89  5:33  Overlord  
  89  5:47  Hydralisk x5  
  89  5:48  Hydralisk x2  
  103  6:02  Spire, Queen  
  103  6:03  Spire  
  103  6:04  Infestor x4  
  111  6:16  Hydralisk x3  
  111  6:17  Hydralisk x5  
  127  6:21  Zerg Missile Weapons Level 1  
  127  6:22  Zerg Ground Armor Level 1  
  127  6:29  Hydralisk x2  
  127  6:30  Hydralisk x4  
  127  6:42  Drone  
  127  6:43  Drone x3  
  131  6:49  Overlord  
  131  7:19  Greater Spire  
  131  7:22  Overlord  
  131  7:23  Overlord x4  
  129  7:40  Hydralisk x3  
  129  7:42  Overlord x2  
  32  8:13  Corruptor  
Show
View Real Time Build Order
Export as new Build Order

Raptor Zerg 

Build Orders: Hatch First, Zergling Baneling 

Get SALT Encoding   

  12  0:03  Drone  
  12  0:07  Drone  
  14  0:28  Hatchery  
  13  0:31  Drone  
  13  0:33  Hatchery  
  13  0:36  Drone  
  14  0:49  Hatchery  
  13  0:54  Drone x2, Spawning Pool  
  14  1:04  Extractor  
  14  1:05  Drone  
  14  1:06  Overlord  
  14  1:25  Drone, Hatchery  
  14  1:29  Drone  
  15  1:37  Drone  
  16  1:41  Queen  
  16  1:43  Queen  
  16  1:45  Queen  
  22  1:52  Metabolic Boost  
  22  1:55  Zergling x4  
  22  1:58  Drone  
  22  1:59  Drone x3  
  28  2:01  Drone  
  28  2:02  Drone  
  28  2:03  Queen  
  32  2:11  Evolution Chamber  
  32  2:12  Evolution Chamber x2  
  32  2:15  Drone  
  30  2:16  Drone x3  
  30  2:20  Extractor  
  32  2:23  Lair  
  32  2:28  Drone x4  
  32  2:29  Drone  
  37  2:31  Drone  
  37  2:35  Baneling Nest  
  37  2:38  Zerg Missile Weapons Level 1, Zerg Melee Weapons Level 1  
  37  2:40  Zerg Ground Armor Level 1  
  37  2:47  Queen  
  40  2:51  Zergling x8  
  40  2:52  Zergling x6  
  40  2:55  Overlord  
  40  2:56  Overlord x2  
  46  3:19  Baneling x14  
  46  3:22  Drone x3  
  46  3:23  Drone  
  46  3:25  Centrifical Hooks  
  50  3:32  Hydralisk Den  
  50  3:33  Hydralisk Den  
  48  3:39  Drone x4  
  48  3:40  Drone  
  53  3:42  Extractor  
  53  3:43  Drone x3  
  53  3:44  Extractor, Drone x2  
  53  3:45  Drone  
  57  4:01  Infestation Pit  
  57  4:02  Muscular Augments, Grooved Spines  
  56  4:09  Zergling x24  
  70  4:10  Zergling x4  
  70  4:11  Overlord  
  70  4:12  Overlord x3  
  70  4:14  Pneumatized Carapace  
  70  4:34  Zerg Melee Weapons Level 2  
  70  4:35  Zerg Missile Weapons Level 2  
  70  4:36  Zerg Ground Armor Level 2  
  63  5:12  Unknown  
  51  5:31  Zergling x6  
  51  5:32  Zergling x10  
  51  5:33  Hydralisk  
  51  5:34  Hydralisk x22  
  101  5:39  Overlord x5  
  101  5:40  Overlord x2  
  101  5:47  Hive  
  101  6:06  Spire  
  101  6:07  Drone x3, Spire  
  101  6:08  Drone x2  
  101  6:10  Spire  
  103  6:19  Overlord x5  
  103  6:20  Overlord x2  
  103  6:45  Queen  
  100  7:16  Hydralisk x8  
  100  7:17  Corruptor  
  100  7:18  Corruptor x22  
  100  7:19  Corruptor x10  
  182  7:25  Overseer  
  182  7:26  Overseer  
  182  7:49  Spore Crawler, Drone x3  
  184  7:51  Spore Crawler  
  184  7:53  Unknown  
  184  7:55  Spore Crawler  
  173  8:35  Hatchery  
Show
View Real Time Build Order
Export as new Build Order

niko Terran 

Build Orders: Reaper Expand 

Get SALT Encoding   

  12  0:10  Supply Depot  
  12  0:14  Refinery  
  12  0:18  SCV, Engineering Bay  
  13  0:28  Refinery  
  13  0:30  SCV  
  14  0:38  Barracks  
  14  0:42  SCV  
  15  0:50  Barracks  
  15  1:04  Command Center  
  15  1:12  Barracks, SCV  
  16  1:29  Barracks Reactor  
  16  1:34  Hi-Sec Auto Tracking  
  16  1:35  SCV  
  17  1:40  Supply Depot  
  17  1:43  Barracks Reactor  
  17  1:47  SCV  
  17  1:51  Factory  
  18  1:59  SCV  
  19  2:05  Supply Depot  
  19  2:09  Barracks Tech Lab  
  19  2:11  SCV  
  19  2:15  Reaper x2  
  22  2:20  Reaper x2  
  24  2:23  SCV  
  24  2:27  Planetary Fortress  
  25  2:31  Missile Turret  
  25  2:35  Missile Turret  
  25  2:36  SCV  
  26  2:40  Factory Reactor  
  26  2:46  Starport  
  26  2:47  Reaper  
  26  2:48  SCV  
  26  2:49  Marine  
  26  2:51  Marauder  
  31  2:52  Reaper  
  31  2:55  Terran Infantry Weapons Level 1  
  32  3:00  SCV  
  33  3:11  SCV  
  33  3:12  Armory  
  34  3:15  Missile Turret  
  34  3:22  Marine  
  34  3:23  Marine x2, SCV, Marauder  
  34  3:24  Marine  
  41  3:27  Refinery  
  41  3:35  SCV  
  42  3:42  Cyclone x2  
  42  3:45  Starport Reactor, Marauder  
  42  3:48  Starport  
  50  3:49  SCV  
  50  3:52  SCV  
  52  3:56  Bunker  
  52  4:01  SCV  
  53  4:04  SCV  
  54  4:49  Terran Infantry Armor Level 1  
  54  4:59  Starport Reactor  
  54  5:03  Orbital Command  
  54  5:04  Supply Depot x2  
  54  5:06  Stimpack  
  54  5:16  Barracks  
  54  5:17  Barracks  
  54  5:19  Supply Depot x2  
  54  5:21  Supply Depot, Refinery  
  54  5:25  Medivac x2  
  54  5:26  SCV, Cyclone  
  62  5:38  SCV  
  60  5:56  Viking x4  
  65  6:04  Widow Mine  
  65  6:05  Widow Mine  
  69  6:13  Factory  
  69  6:20  SCV  
  70  6:26  Widow Mine x2, Viking x4  
  70  6:31  Terran Ship Weapons Level 1  
  70  6:32  SCV  
  83  6:33  Supply Depot  
  83  6:34  Supply Depot  
  83  6:37  Armory  
  83  6:44  SCV  
  84  6:47  Widow Mine x2  
  86  6:56  SCV, Viking x4  
  91  7:08  SCV  
  91  7:09  Widow Mine x2  
  88  7:26  Viking  
  90  7:30  Widow Mine x2, Viking x2  
  90  7:31  Viking  
  100  7:38  Factory Tech Lab  
  100  7:41  Barracks Reactor x2  
  100  7:42  Starport  
  100  7:52  Engineering Bay  
  100  7:55  Widow Mine x2  
  104  8:16  Widow Mine  
  104  8:17  Widow Mine  
  108  8:25  Starport Reactor  
Tags
 
Add a new tag
Caveats
  • Supply blocks, unpowered buildings, or Contaminate may cause inaccurate times.
  • Supply counts are checked every 10 seconds.